 Seeded DCSS version 0.29.1-1-gd02db6906a (webtiles) character file.

Game seed: 15251138685299849842 (custom seed)

308 bwicke the Stinger (level 6, -10/32 HPs)
             Began as a Tengu Venom Mage on Sept 15, 2022.
             Shot with a bolt by an orc warrior (11 damage)
             ... on level 4 of the Dungeon.
             The game lasted 00:11:07 (4466 turns).

bwicke the Stinger (Tengu Venom Mage)               Turns: 4466, Time: 00:11:09

Health: -10/32     AC:  2    Str:  9    XL:     6   Next: 40%
Magic:  10/10      EV: 15    Int: 17    God:
Gold:   182        SH:  5    Dex: 19    Spells: 8/9 levels left

rFire   . . .      SeeInvis .   s - +4 dagger of Noon {vorpal, rPois Dex+5}
rCold   . . .      Faith    .   l - orb {light}
rNeg    . . .      Spirit   .   a - +0 robe
rPois   +          Reflect  +   (helmet restricted)
rElec   .          Harm     .   (no cloak)
rCorr   .          Rampage  .   (no gloves)
Will    .....                   (boots unavailable)
Stlth   +.........              c - amulet of reflection
HPRegen 0.10/turn               (no ring)
MPRegen 0.12/turn               (no ring)

@: mighty, about to teleport, flying quickly and evasively, glowing, quick
A: beak, talons 3, nimble flight
a: no special abilities


You were on level 4 of the Dungeon.
You visited 1 branch of the dungeon, and saw 4 of its levels.

You collected 182 gold pieces.

Inventory:

Hand Weapons
 e - a +0 short sword
 f - a +2 dagger of protection
 n - a +0 sling
 r - a +0 dagger of electrocution
 s - the +4 dagger of Noon (weapon) {vorpal, rPois Dex+5}
   (You found it on level 2 of the Dungeon)

   It inflicts extra damage upon your enemies.
   Dex:       It affects your dexterity (+5).
   rPois:     It protects you from poison.
 y - a +1 dagger of speed
Missiles
 j - 2 poisoned darts
Armour
 a - a +0 robe (worn)
 l - an orb of light (worn)
Jewellery
 c - an amulet of reflection (around neck)
Wands
 u - a wand of acid (5)
Scrolls
 d - a scroll of vulnerability {unknown}
 h - 4 scrolls of teleportation
 i - 4 scrolls of identify {unknown}
 k - a scroll of fear {unknown}
 o - a scroll of poison {unknown}
 q - a scroll of summoning {unknown}
 w - a scroll of noise {unknown}
 x - 2 scrolls of blinking {unknown}
Potions
 b - 2 potions of magic
 g - 2 potions of brilliance {unknown}
 m - a potion of heal wounds {unknown}
 p - a potion of flight {unknown}
 t - a potion of curing {unknown}
Miscellaneous
 z - a tin of tremorstones (2/2)


   Skills:
 - Level 2.1 Dodging
 - Level 2.0 Stealth
 - Level 2.0 Spellcasting
 - Level 0.7 Transmutations
 - Level 5.0 Air Magic
 + Level 5.7 Poison Magic


You had 8 spell levels left.
You knew the following spells:

 Your Spells              Type           Power      Damage    Failure   Level
a - Sting                 Tmut/Pois      48%        1d5       5%          1

Your spell library contained the following spells:

 Spells                   Type           Power      Damage    Failure   Level
 Poisonous Vapours        Pois/Air       38%        N/A       3%          2
 Mephitic Cloud           Conj/Pois/Air  13%        N/A       14%         3
 Olgreb's Toxic Radiance  Pois           21%        N/A       19%         4
 Ignite Poison            Fire/Tmut/Pois 9%         N/A       24%         3
 Dazzling Flash           Conj/Hex       2%         N/A       50%         3
 Animate Dead             Necr           1%         N/A       88%         4
 Iskenderun's Mystic Bla  Conj/Tloc      1%         2d3       88%         4
 Freezing Cloud           Conj/Ice/Air   3%         6-21      95%         5
 Iskenderun's Battlesphe  Conj           1%         2d6       99%         5
 Summon Forest            Summ/Tloc      0%         N/A       99%         5
 Eringya's Noxious Bog    Tmut/Pois      6%         N/A       100%        6
 Iron Shot                Conj/Erth      0%         9d1       100%        6
 Starburst                Conj/Fire      0%         6d3       100%        6
 Haunt                    Necr/Summ      0%         N/A       100%        7
 Spellforged Servitor     Conj/Summ      0%         N/A       100%        7
 Summon Hydra             Summ           0%         N/A       100%        7
 Infestation              Necr           0%         N/A       100%        8


Dungeon Overview and Level Annotations

Branches:
Dungeon (4/15)
 Temple: D:4-7

Altars:
Kikubaaqudgha
The Shining One

Shops:
D:3 (=

Annotations:
D:4 4 runed translucent doors


Innate Abilities, Weirdness & Mutations

You have a beak for a mouth.
You have claws for feet.
Your magical nature lets you fly swiftly and evasively.


Message History

Okay, then.
Unknown command.
The orc warrior shouts!
The orc warrior unwields a +0 dire flail.
The orc warrior wields a +0 arbalest.
The orc warrior shoots a bolt.
The bolt hits you!!
Ouch! That really hurt!
Things that are here:
a ball python corpse; a jackal corpse Unknown command.
There is an open door here.
You reach down and close the door.
You start resting.
An orc warrior is nearby!
The bullfrog croaks.
The black bear growls angrily.
The bullfrog releases a deep croak.
The orc warrior shouts!
You hear a shout!
The orc warrior shoots a bolt.
The bolt hits you!
An ufetubus comes into view.
The ufetubus shouts!
The orc warrior shoots a bolt.
The bolt closely misses you.
The orc warrior shoots a bolt.
The bolt closely misses you.
Aiming: Corrosive Bolt
Press: ? - help, Shift-Dir - straight line, f - orc warrior
Aim: an orc warrior, wielding a +0 arbalest and wearing a +0 chain mail (68% to hit)
The bolt of acid hits the orc warrior!
The acid corrodes the orc warrior!
The orc warrior is moderately wounded.
The orc warrior shoots a bolt.
The bolt hits you!
* * * LOW HITPOINT WARNING * * *
As you read the scroll labelled ZYCUNG WOFOMI, it crumbles to dust.
You feel strangely unstable.
It was a scroll of teleportation.
The ufetubus hits you but does no damage.
The ufetubus barely misses you.
It was a potion of might.
You feel very mighty all of a sudden. The ufetubus hits you.
* * * LOW HITPOINT WARNING * * *
The ufetubus barely misses you.
The orc warrior shoots a bolt.
The bolt hits you!
You die...

#.##8..8#######..#..#
#.#8....8# #....##..#
#.#$....}# ######...#
##.#F....[# #..##
#..#8....8# ##.##
#..##8$.8##### #.##
#...##++##.'†## #...
#..........##.# #...
#....@5....#.## #.##
#..........##...o##.##
#...........######..#
#....o.............##
#............###.###
#................#
#............#####
#............#
#............#


You could see an orc warrior (corroded) and an ufetubus.

Vanquished Creatures
  A necrophage (D:4)
  A jelly (D:4)
  An iguana (D:4)
  2 orc wizards (D:4)
  6 adders
  A worm (D:2)
  2 dart slugs (D:2)
  3 orcs (D:4)
  8 ball pythons
  7 endoplasms
  2 giant cockroaches
  8 goblins
  4 hobgoblins
  5 jackals
  A quokka (D:4)
  4 bats
  5 frilled lizards
  13 kobolds
  5 rats
79 creatures vanquished.

Notes
Turn   | Place    | Note
-------+----------+-------------------------------------------
     0 | D:1      | bwicke the Tengu Venom Mage began the quest for the Orb.
     0 | D:1      | Reached XP level 1. HP: 10/10 MP: 4/4
   392 | D:1      | Reached XP level 2. HP: 15/15 MP: 3/6
   430 | D:1      | Found a faded altar of an unknown god.
  1141 | D:1      | Reached XP level 3. HP: 19/19 MP: 7/7
  1200 | D:2      | You fall into a shaft and drop 2 floors!
  1497 | D:4      | Reached XP level 4. HP: 19/24 MP: 5/8
  1559 | D:4      | Found a large runed translucent door.
  1559 | D:4      | Found a large runed translucent door.
  1791 | D:2      | Reached skill level 5 in Poison Magic
  1946 | D:2      | Identified the +4 dagger of Noon {vorpal, rPois Dex+5}
  2841 | D:3      | Found an ancient bone altar of Kikubaaqudgha.
  2937 | D:3      | Found Ovi Elib's Jewellery Shop.
  2953 | D:3      | Gained mutation: Your magical nature lets you fly swiftly
                  | and evasively. [Tengu growth]
  2953 | D:3      | Reached XP level 5. HP: 28/28 MP: 7/9
  2978 | D:3      | Found a glowing golden altar of the Shining One.
  3116 | D:3      | Found Pityrch's Weapon Emporium.
  3766 | D:3      | Reached skill level 1 in Air Magic
  4101 | D:4      | Reached XP level 6. HP: 29/32 MP: 8/10
  4230 | D:4      | Noticed a black bear
  4240 | D:4      | Found a large runed translucent door.
  4240 | D:4      | Found a large runed translucent door.
  4264 | D:4      | Reached skill level 5 in Air Magic
  4266 | D:4      | Noticed an orc warrior
  4466 | D:4      | HP: 1/32 [ufetubus (3)]
  4466 | D:4      | Shot with a bolt by an orc warrior

Illustrated notes

Levels and vault maps discovered:
D:1:      dpeg_arrival_pond, layout_rooms,
          hellmonk_ecumenical_altar_pennies_from_heaven, grunt_decor_junction,
          minmay_misc_feat_roman
D:2:      layout_basic
D:3:      layout_basic, lemuel_tele_altar, nicolae_overflow_crystal_walls,
          serial_shops, shop, nicolae_shop_crystal
D:4:      layout_basic, minmay_misc_feat_five, minmay_hollow_rounded_squares

Skill      XL: |  1  2  3  4  5  6 |
---------------+-------------------+-----
Poison Magic   | 4 5 |  5.7
Air Magic      | 4 5 |  5.0
Dodging        | |  2.1
Stealth        | |  2.0
Spellcasting   | |  2.0
Transmutations | |  0.7

Action                   |  1- 3 |  4- 6 || total
-------------------------+-------+-------++-------
Melee: Kick              |     7 |    15 ||    22
       Unarmed           |     1 |       ||     1
       Dagger            |    24 |    79 ||   103
       Short sword       |     5 |       ||     5
       Peck              |     3 |     8 ||    11
       Punch             |     1 |       ||     1
 Cast: Sting             |    29 |    34 ||    63
Evoke: Wand              |       |     2 ||     2
  Use: Scroll            |       |     1 ||     1
       Potion            |       |     1 ||     1
 Stab: Sleeping          |     3 |     6 ||     9
Armor: Robe              |     8 |    11 ||    19
Dodge: Dodged            |    24 |    38 ||    62
Block: Other             |    10 |     6 ||    16
       Reflection        |       |     1 ||     1
       Orb               |       |     6 ||     6
